 Dungeon Crawl Stone Soup version 0.21.1-1-g345015fe64 (webtiles) character file.

437 Lavandula the Shooter (level 7, -5/47 HPs)
             Began as a Barachi Earth Elementalist on June 30, 2018.
             Slain by a bog mummy (16 damage)
             ... in an ossuary.
             The game lasted 00:07:53 (1184 turns).

Lavandula the Shooter (Barachi Earth Elementalist)  Turns: 1184, Time: 00:07:53

Health: -5/47      AC:  5    Str: 13    XL:     7   Next: 1%
Magic:  13/13      EV: 12    Int: 22    God:
Gold:   119        SH:  0    Dex: 13    Spells: 11/15 levels left

rFire    . . .     SeeInvis .   p - +4 longbow "Kyulak" {venom, Str+4}
rCold    . . .     Gourm    .   (shield currently unavailable)
rNeg     . . .     Faith    .   i - +0 leather armour
rPois    .         Spirit   .   g - +2 hat
rElec    .         Reflect  .   (no cloak)
rCorr    .         Harm     .   (no gloves)
MR       .....                  (no boots)
Stlth    ++........             (no amulet)
HPRegen  0.15/turn              (no ring)
MPRegen  0.13/turn              (no ring)

@: brilliant, slow
A: +LOS, swims, slowness 1, strong legs 1
a: Hop


You were in an ossuary.
You were not hungry.

You visited 1 branch of the dungeon, and saw 5 of its levels.
You also visited: Ossuary.

You collected 119 gold pieces.

Inventory:

Hand Weapons
 n - a -2 mace
 p - the +4 longbow "Kyulak" (weapon) {venom, Str+4}
   (You found it on level 4 of the Dungeon)

   It poisons the ammo it fires.
   It affects your strength (+4).
Missiles
 a - 9 arrows (quivered)
 b - 54 stones
Armour
 c - a +0 robe
 f - a +0 crystal plate armour
 g - a +2 hat (worn)
 i - a +0 leather armour (worn)
Scrolls
 k - a scroll of teleportation
 l - 2 scrolls of enchant weapon {unknown}
 m - a scroll of identify
Potions
 j - 2 potions of lignification
Books
 e - a book of Geomancy

   Spells                             Type                      Level
   a - Sandblast                      Earth                        1
   b - Passwall                       Transmutation/Earth          2
   c - Stone Arrow                    Conjuration/Earth            3
   d - Petrify                        Transmutation/Earth          4
   e - Lee's Rapid Deconstruction     Earth                        5
Comestibles
 d - 7 rations


   Skills:
 - Level 0.4 Fighting
 + Level 4.8 Bows
 - Level 2.1 Dodging
 - Level 1.7 Stealth
 - Level 4.5 Spellcasting
   Level 1.1 Transmutations
 - Level 4.0 Earth Magic


You had 11 spell levels left.
You knew the following spells:

 Your Spells              Type           Power        Failure   Level  Hunger
a - Sandblast             Erth           #####.       1%          1    None
b - Stone Arrow           Conj/Erth      ####..       2%          3    ##.....


Dungeon Overview and Level Annotations

Branches:
Dungeon (5/15)
 Temple: D:4-7

Altars:
Kikubaaqudgha
Xom
Yredelemnul
Zin
The Shining One

Annotations:
D:3 Grandwhale's ghost, amateur OpAs


Innate Abilities, Weirdness & Mutations

Shadows flee at your approach. (+LOS)
You can swim through water.
You cover ground slowly.
You can hop short distances.


Message History

Firing (i - inventory. (,) - cycle):
a - 11 arrows (quivered)
Press: ? - help, Shift-Dir - straight line, f/p - bog mummy
Aim: a bog mummy You shoot an arrow.
The arrow hits the bog mummy!
The bog mummy is severely damaged.
The bog mummy hits you!
Firing (i - inventory. (,) - cycle):
a - 10 arrows (quivered)
Press: ? - help, Shift-Dir - straight line, f/p - bog mummy
Aim: a bog mummy (severely damaged)
You shoot an arrow. The arrow barely misses the bog mummy.
The arrow hits the worker ant zombie!
The worker ant zombie is severely damaged.
The bog mummy hits you!
* * * LOW HITPOINT WARNING * * *
You are too injured to fight recklessly!
Unknown command.
It was a potion of brilliance.
You feel clever all of a sudden. The bog mummy hits you!
You die...

+.Z( ###.#####
#.'.#..∩#
###(#.∩.#
#.'.#...#
###(##(##≈##+##
#.'Z....≈≈..≈..
###M#'#'#'#≈≈.≈
#@#.#.# #
######≈ ≈# ##


You could see a bog mummy, a worker ant zombie and a killer bee zombie
(wandering).

Vanquished Creatures
  An ice beast (D:5)
  A wyvern zombie (Ossuary)
  A centaur skeleton (D:4)
  A hound (D:5)
  An orc wizard (D:4)
  7 mummies (Ossuary)
  A hound skeleton (D:4)
  3 adders
  A shadow imp (D:5)
  An ooze (D:5)
  2 adder zombies
  An adder skeleton (D:4)
  A worm (D:4)
  A dart slug (D:4)
  A leopard gecko (D:3)
  11 orcs
  3 giant cockroaches
  2 goblins
  2 kobolds
  A quokka (D:2)
  A bat (D:3)
  A frilled lizard (D:2)
  A quokka skeleton (D:4)
  A quokka zombie (Ossuary)
47 creatures vanquished.

Notes
Turn   | Place    | Note
-------+----------+-------------------------------------------
     0 | D:1      | Lavandula the Barachi Earth Elementalist began the quest for the Orb.
     0 | D:1      | Reached XP level 1. HP: 13/13 MP: 3/3
    34 | D:2      | Noticed a bullfrog
    77 | D:2      | Reached XP level 2. HP: 19/19 MP: 1/5
   367 | D:3      | Reached XP level 3. HP: 24/24 MP: 1/6
   602 | D:4      | Reached XP level 4. HP: 30/30 MP: 2/9
   634 | D:4      | Got a crude longbow
   640 | D:4      | Identified the +4 longbow "Kyulak" {venom, Str+4} (You found it on level 4 of the Dungeon)
   687 | D:3      | Noticed Grandwhale's ghost (amateur OpAs)
   744 | D:4      | Reached XP level 5. HP: 26/35 MP: 2/11
   749 | D:4      | Learned a level 3 spell: Stone Arrow
   809 | D:4      | Found a basalt altar of Yredelemnul.
   871 | D:5      | Entered Level 5 of the Dungeon
   926 | D:5      | Noticed an ice beast
   931 | D:5      | Killed an ice beast
   931 | D:5      | Reached XP level 6. HP: 42/42 MP: 12/12
  1021 | D:5      | Found an ancient bone altar of Kikubaaqudgha.
  1021 | D:5      | Found a glowing silver altar of Zin.
  1026 | D:5      | Found a shimmering altar of Xom.
  1028 | D:5      | Found a faded altar of an unknown god.
  1029 | D:5      | Found a glowing golden altar of the Shining One.
  1074 | D:5      | Found a sand-covered staircase.
  1079 | Ossuary  | Entered an ossuary
  1180 | Ossuary  | Reached XP level 7. HP: 34/47 MP: 13/13
  1184 | Ossuary  | Slain by a bog mummy

Skill      XL: |  1  2  3  4  5  6 |
---------------+-------------------+-----
Earth Magic    | 4 |  4.0
Spellcasting   | 3 4 |  4.5
Bows           | 3 4 |  4.8
Fighting       | |  0.4
Dodging        | |  2.1
Stealth        | |  1.7
Transmutations | |  1.1

Action                   |  1- 3 |  4- 6 |  7- 9 || total
-------------------------+-------+-------+-------++-------
Melee: Unarmed           |    12 |       |       ||    12
       Mace              |     5 |     5 |       ||    10
 Fire: Longbow           |       |    42 |     3 ||    45
 Cast: Sandblast         |    29 |    30 |       ||    59
 Abil: Hop               |       |     1 |       ||     1
  Use: Scroll            |       |     6 |       ||     6
       Potion            |       |     3 |     1 ||     4
  Eat: Ration            |       |     1 |       ||     1
Armor: Leather armour    |     6 |     4 |       ||    10
       Robe              |     2 |       |       ||     2
       Skin              |       |     5 |       ||     5
Dodge: Dodged            |    13 |    18 |     2 ||    33
